 Dungeon Crawl Stone Soup version 0.27-a0-1196-g3e9cee4 (webtiles) character file.

Game seed: 18061122618119902697

57 Meow the Sneak (level 4, 32/36 HPs)
             Began as a Naga Venom Mage on May 27, 2021.
             Quit the game on level 2 of the Dungeon.
             The game lasted 00:05:28 (1545 turns).

Meow the Sneak (Naga Venom Mage)                    Turns: 1545, Time: 00:05:29

Health: 32/36      AC:  2    Str: 10    XL:     4   Next: 0%
Magic:  15/17      EV: 10    Int: 16    God:
Gold:   72         SH:  0    Dex: 12    Spells: 2/9 levels left

rFire    . . .     SeeInvis +   a - +0 hand axe
rCold    . . .     Faith    .   (no shield)
rNeg     . . .     Spirit   .   c - +0 robe
rPois    +         Reflect  .   (no helmet)
rElec    .         Harm     .   (no cloak)
rCorr    .         Rampage  .   (no gloves)
Will     .....                  (no barding)
Stlth    ++........             i - amulet of magic regeneration
HPRegen  0.12/turn              h - ring of magical power
MPRegen  0.40/turn              (no ring)

@: short of breath, very slow
A: AC +1, large, see invisible, deformed body, poison resistance, slowness 2,
spit poison 1, naga tail 1
a: Spit Poison


You were on level 2 of the Dungeon.
You visited 1 branch of the dungeon, and saw 2 of its levels.

You collected 72 gold pieces.

Inventory:

Hand Weapons
 a - a +0 hand axe (weapon)
Missiles
 d - 27 arrows
 g - 113 stones (quivered)
 j - 4 sling bullets
Armour
 b - a +0 pair of gloves
 c - a +0 robe (worn)
 f - a +0 buckler
Jewellery
 h - a ring of magical power (left hand)
 i - an amulet of magic regeneration (around neck)
Scrolls
 l - a scroll of silence {unknown}
Potions
 e - a potion of haste {unknown}
 k - 2 potions of magic {unknown}


   Skills:
 - Level 1.5 Dodging
 - Level 4.1 Stealth
 * Level 3.3 Spellcasting
 - Level 0.9 Conjurations
 - Level 1.0 Transmutations
 - Level 4.0 Poison Magic


You had 2 spell levels left.
You knew the following spells:

 Your Spells              Type           Power      Damage    Failure   Level
a - Sting                 Tmut/Pois      40%        1d5       6%          1
c - Mephitic Cloud        Conj/Pois/Air  7%         N/A       28%         3
C - Ignite Poison         Fire/Tmut/Pois 8%         N/A       26%         3

Your spell library contained the following spells:

 Spells                   Type           Power      Damage    Failure   Level
 Poisonous Vapours        Pois/Air       18%        N/A       12%         2
 Olgreb's Toxic Radiance  Pois           15%        N/A       34%         4


Dungeon Overview and Level Annotations

Branches:
Dungeon (2/15)

Altars:


Innate Abilities, Weirdness & Mutations

Your serpentine skin is tough. (AC +1)
You have supernaturally acute eyesight. (SInv)
Armour fits poorly on your strangely shaped body.
Your system is resistant to poisons. (rPois)
You cover ground very slowly.
You can spit poison.
You have a snake-like lower body.


Message History

You see here a jackal corpse.
You see here a jackal corpse.
You have got your breath back.
You see here a jackal corpse.
g - 97 stones (gained 1)
Found a mace.
An adder comes into view.
Press: ? - help, Shift-Dir - straight line, f - you
Okay, then.
Found 16 stones.
You see here a +0 mace.
The adder hisses angrily.
g - 113 stones (gained 16)
An adder is nearby!
Press: ? - help, Shift-Dir - straight line, f - adder
Aim: an adder The splash of poison hits the adder.
The adder is poisoned.
The adder is moderately wounded.
Unknown command.
Casting: Sting (safe; 7% risk of failure)
Confirm with . or Enter, or press ? or * to list all spells.
Aiming: Sting (safe; 7% risk of failure)
Press: ? - help, Shift-Dir - straight line, f/p - adder
Aim: an adder (heavily wounded, poisoned, 53% to hit)
The sting misses the adder.
Casting: Sting (safe; 7% risk of failure)
Confirm with . or Enter, or press ? or * to list all spells.
Aiming: Sting (safe; 7% risk of failure)
Press: ? - help, Shift-Dir - straight line, f/p - adder
Aim: an adder (severely wounded, poisoned, 53% to hit)
The sting hits the adder.
The adder looks even sicker.
The adder is almost dead.
The adder bites you.
Unknown command.
You closely miss the adder.
The adder is almost dead.
You kill the adder!
You have reached level 4!
You feel agile.
Are you sure you want to abandon this character and quit the game? (Confirm with "yes".)

#..## ..
######..## #.
.......... ..
...####### #.
## # #.###.#
.#.###..#.#
.........##
#.#.#.@..#
#.#.#..#.#
####...#..# #
.........#
##..##.##.#
##...)....#
#....###......
#....# .#####
#.##.# .


There were no monsters in sight!

Vanquished Creatures
  2 adders (D:2)
  3 ball pythons
  4 endoplasms (D:2)
  A giant cockroach (D:1)
  5 goblins
  2 hobgoblins
  9 jackals
  A quokka (D:1)
  A bat (D:2)
  3 frilled lizards (D:1)
  6 rats
37 creatures vanquished.

Notes
Turn   | Place    | Note
-------+----------+-------------------------------------------
     0 | D:1      | Meow the Naga Venom Mage began the quest for the Orb.
     0 | D:1      | Reached XP level 1. HP: 15/15 MP: 3/3
   217 | D:1      | Reached XP level 2. HP: 22/22 MP: 1/5
  1116 | D:2      | Reached XP level 3. HP: 28/28 MP: 6/6
  1120 | D:2      | Learned a level 3 spell: Ignite Poison
  1141 | D:2      | Learned a level 3 spell: Mephitic Cloud
  1545 | D:2      | Reached XP level 4. HP: 32/36 MP: 8/8
  1545 | D:2      | Quit the game

Illustrated notes

Levels and vault maps discovered:
D:1:      psy_arrival_radial02, layout_basic
D:2:      layout_loops_ring, serial_shops, nicolae_shop_behind_doors,
          ebering_ecumenical_altar_webs, minivault_27, nrook_loot_triangle

Skill      XL: |  1  2  3 |
---------------+----------+-----
Stealth        | 4 |  4.1
Spellcasting   | 3 |  3.3
Dodging        | |  1.5
Conjurations   | |  0.9
Transmutations | |  1.0
Poison Magic   | |  4.0

Action                   |  1- 3 |  4- 6 || total
-------------------------+-------+-------++-------
Melee: Hand axe          |    14 |       ||    14
Throw: Stone             |    13 |       ||    13
 Cast: Sting             |    45 |       ||    45
 Abil: Spit Poison       |    41 |       ||    41
Armor: Robe              |     8 |       ||     8
Dodge: Dodged            |    19 |       ||    19

Table legend: (Time is in decaauts)
 A = Elapsed time spent in this place.
 B = Non-inter-level travel time spent in this place.
 C = Inter-level travel time spent in this place.
 D = Time resting spent in this place.
 E = Time spent auto-exploring this place.
 F = Levels seen in this place.
 G = Mean time per level.
                   A        B        C        D        E       F      G
               +--------+--------+--------+--------+--------+-----+--------+
         Total |   1964 |   1912 |     52 |    347 |   1208 |   2 |  982.0 |
       Dungeon |   1964 |   1912 |     52 |    347 |   1208 |   2 |  982.0 |
               +--------+--------+--------+--------+--------+-----+--------+

Top non-repeatable levels by time:
     D:1: 1043 daAuts
     D:2: 920 daAuts
